 Dungeon Crawl Stone Soup version 0.17-a0-1954-g0dddeaa (webtiles) character file.

56 mrath the Digger (level 3, -7/19 HPs)
             Began as a Gargoyle Earth Elementalist on Oct 3, 2015.
             Mangled by a gnoll
             ... wielding a cursed -1 halberd
              (10 damage)
             ... on level 2 of the Dungeon.
             The game lasted 00:24:12 (1448 turns).

mrath the Digger (Gargoyle Earth Elementalist)      Turns: 1448, Time: 00:24:12

Health: -7/19      AC:  6    Str: 11    XL:     3   Next: 95%
Magic:  0/7        EV: 12    Int: 16    God:
Gold:   59         SH:  0    Dex: 10    Spells: 2 memorised, 5 levels left

rFire  . . .     SeeInvis .     f - +0 club
rCold  . . .     Clarity  .     b - +0 robe
rNeg   + . .     SustAt   .     (no shield)
rPois  ∞         Gourm    .     (no helmet)
rElec  +         Spirit   .     (no cloak)
rCorr  .         Warding  .     o - +0 pair of gloves
rMut   .         Stasis   .     (no boots)
MR     .....                    (no amulet)
Stlth  ++........               (no ring)
                                (no ring)

@: not resistant to hostile enchantments, unstealthy
A: negative energy resistance 1, electricity resistance, unbreathing,
petrification resistance, rot immunity, AC +3
a: no special abilities


You were on level 2 of the Dungeon.
You were not hungry.

You visited 1 branch of the dungeon, and saw 2 of its levels.

You collected 59 gold pieces.

Inventory:

Hand weapons
 f - a +0 club (weapon)
 h - a +0 hunting sling
Missiles
 a - 101 stones (quivered)
Armour
 b - a +0 robe (worn)
 o - a +0 pair of gloves (worn)
Scrolls
 e - a scroll of enchant armour {unknown}
 m - 2 scrolls of recharging {unknown}
 n - 5 scrolls of identify {unknown}
 p - a scroll of noise {unknown}
Potions
 i - a potion of lignification {unknown}
 j - a potion of mutation {unknown}
 l - a potion of curing {unknown}
Books
 c - a book of Geomancy

   Spells                             Type                      Level
   a - Sandblast                      Earth                        1
   b - Stoneskin                      Transmutation/Earth          2
   c - Passwall                       Transmutation/Earth          3
   d - Stone Arrow                    Conjuration/Earth            3
   e - Petrify                        Transmutation/Earth          4
   f - Lee's Rapid Deconstruction     Earth                        5
Comestibles
 d - 2 bread rations
 g - a chunk of flesh


   Skills:
 - Level 1.5 Dodging
 - Level 2.1 Stealth
 * Level 3.1 Spellcasting
 - Level 0.7 Transmutations
 + Level 4.6 Earth Magic


You had 5 spell levels left.
You knew the following spells:

 Your Spells              Type           Power        Failure   Level  Hunger
a - Sandblast             Erth           ###...       3%          1    None
b - Stoneskin             Trmt/Erth      ##......     12%         2    ##.....


Dungeon Overview and Level Annotations

Branches:
Dungeon (2/15)

Altars:


Innate Abilities, Weirdness & Mutations

You are resistant to torment.
Your stone body is resilient (AC +3).
You are immune to poison.
You resist negative energy.
You are resistant to electric shocks.
You can survive without breathing.
You are immune to petrification.
You are immune to rotting.


Message History

The gnoll shouts!
The gnoll hits you with a flail of crushing.
Casting: Sandblast
Confirm with . or Enter, or press ? or * to list all spells.
Okay, then.
Wield which item (- for none, * to show all)? (? for menu, Esc to quit)
f - a +0 club (weapon)
You closely miss the gnoll.
The gnoll is moderately wounded.
The gnoll closely misses you. x2
You hit the gnoll.
The gnoll is heavily wounded.
The gnoll closely misses you.
The gnoll hits you with a flail of crushing!
* * * LOW HITPOINT WARNING * * *
x2 You hit the gnoll.
The gnoll is severely wounded.
The gnoll hits you from afar with an enchanted halberd!
Ouch! That really hurt!
You die...

######..#.##.#..........
........#.##.#...####...
###.##..#....#...####.##
........#...............
###.###(#.######.####.#.
# #.# #...<....##.#. #.#
#.##.#.#.##.#. #.#
#.##.#.#.##.#. #@#
#.#..#.#.##.#. # #g#
#....#.#.##.#.
#...###g#.###..#.#......
...gg.............>...#.
....###.#...............
#g #.########.#.#####
#.# #.#.# #.# #.### #.#
.


You could see 2 gnolls.

Vanquished Creatures
  An adder (D:2)
  2 gnolls (D:2)
  A worm (D:2)
  2 goblins
  4 hobgoblins (D:1)
  4 kobolds (D:1)
  3 bats (D:1)
  3 giant cockroaches (D:1)
  A giant newt (D:1)
  4 rats
  A plant (D:1)
26 creatures vanquished.

Notes
Turn   | Place    | Note
--------------------------------------------------------------
     0 | D:1      | mrath the Gargoyle Earth Elementalist began the quest for the Orb.
     0 | D:1      | Reached XP level 1. HP: 10/10 MP: 3/3
   213 | D:1      | Reached skill level 4 in Earth Magic
   213 | D:1      | Reached XP level 2. HP: 15/15 MP: 3/5
  1259 | D:1      | Learned a level 2 spell: Stoneskin
  1358 | D:2      | Reached XP level 3. HP: 19/19 MP: 4/7
  1448 | D:2      | Mangled by a gnoll

Vault maps used:
D:1:      denvon_arrival_planthouse
D:2:      old_standard_altar, first_bread

Action                   || total
-------------------------++-------
Melee: Unarmed           ||     1
       Club              ||   102
Throw: Tomahawk          ||    25
 Cast: Sandblast         ||    30
  Eat: Pizza             ||     1
       Chunk             ||     1
